 Dungeon Crawl Stone Soup version 0.31.0-7-gf635a9b802 (webtiles) character file.

Game seed: 15427435310664422078

2197 sasquatch the Carver (level 9, -9/64 HPs)
             Began as a Formicid Fighter on Jan 23, 2024.
             Mangled by a two-headed ogre
             ... wielding a +0 giant club
              (14 damage)
             ... on level 7 of the Dungeon.
             The game lasted 00:16:36 (8413 turns).

sasquatch the Carver (Formicid Fighter)             Turns: 8413, Time: 00:16:37

Health: -9/64      AC:  9    Str: 20    XL:     9   Next: 60%
Magic:  18/18      EV:  9    Int:  9    God:
Gold:   278        SH:  5    Dex: 17    Spells: 8/8 levels left

rFire   x . .        t - +6 falchion of Valuable Assets {freeze, +Blink rElec rF-}
rCold   . . .        c - +0 buckler
rNeg    . . .        C - +0 scale mail
rPois   .            (helmet unavailable)
rElec   +            (no cloak)
rCorr   .            (no gloves)
SInv    +            q - +1 pair of boots
Will    .....        (no amulet) Stlth
                     u - ring of magical power
HPRegen 0.30/turn    (no ring)
MPRegen 0.16/turn

%: no passive effects
@: no status effects
A: permanent stasis, dig shafts and tunnels, antennae 3, four strong arms
a: Dig, Shaft Self


You were on level 7 of the Dungeon.
You visited 1 branch of the dungeon, and saw 9 of its levels.
You also visited: Sewer and Ossuary.

You collected 278 gold pieces.

Inventory:

Hand Weapons
 a - a +0 long sword
 b - a +1 dagger of electrocution
 t - the +6 falchion of Valuable Assets (weapon) {freeze, +Blink rElec rF-}
   (You found it on level 7 of the Dungeon)

   rF-:       It makes you vulnerable to fire.
   rElec:     It insulates you from electricity.
   +Blink:    It lets you blink.
 y - the +5 whip "Owkaec" {pain, rF+ rCorr}
   (You found it on level 5 of the Dungeon)

   rF+:       It protects you from fire.
   rCorr:     It protects you from acid and corrosion.
Missiles
 h - 4 silver javelins
 w - 5 curare-tipped darts
 D - 34 poisoned darts (quivered)
Armour
 c - a +0 buckler (worn)
 p - a +0 plate armour
 q - a +1 pair of boots (worn)
 C - a +0 scale mail (worn)
Jewellery
 r - a ring of fire
 u - a ring of magical power (left hand)
Scrolls
 d - 3 scrolls of butterflies {unknown}
 e - a scroll of enchant weapon {unknown}
 f - a scroll of amnesia {unknown}
 i - 2 scrolls of immolation {unknown}
 j - 2 scrolls of revelation
 k - 4 scrolls of fog
 l - 4 scrolls of teleportation {unknown}
 n - a scroll of blinking {unknown}
 s - a scroll of enchant armour {unknown}
 v - a scroll of poison {unknown}
Potions
 g - 3 potions of heal wounds
 m - a potion of enlightenment
 o - 2 potions of might
 x - 2 potions of mutation
 z - a potion of invisibility
 A - 2 potions of cancellation


   Skills:
 - Level 3.2 Fighting
 + Level 12.2 Long Blades
 - Level 3.2 Armour
 - Level 4.0 Shields


You had 8 spell levels left.
You didn't know any spells.
Your spell library contained the following spells:

 Spells                   Type           Power      Damage    Failure   Level
 Frozen Ramparts          Ice            0%         1d1       99%         3
 Hailstorm                Conj/Ice       0%         3d5       99%         3
 Summon Ice Beast         Ice/Summ       0%         N/A       99%         3
 Ignite Poison            Fire/Alch      0%         N/A       100%        4
 Leda's Liquefaction      Alch/Erth      0%         N/A       100%        4
 Petrify                  Alch/Erth      0%         N/A       100%        4
 Sticky Flame             Fire/Alch      0%         2d4       100%        4
 Metabolic Englaciation   Hex/Ice        0%         N/A       100%        5
 Sculpt Simulacrum        Ice/Alch       0%         N/A       100%        6
 Ignition                 Fire           0%         3d3       100%        8


Dungeon Overview and Level Annotations

Branches:
Dungeon (9/15)              Sewer (visited)         Ossuary (visited)
 Temple: D:4-7         Lair: D:8-11         Orc: D:9-12

Altars:
Nemelex Xobeh

Shops:
D:2 (

Annotations:
D:3 Dowan, Duvessa


Innate Abilities, Weirdness & Mutations

You cannot be hasted, slowed, berserked, paralysed or teleported.
You can dig through walls and to a lower floor.
You have a pair of large antennae on your head. (SInv)
Your four strong arms can wield two-handed weapons with a shield.


Message History

Okay, then.
A two-headed ogre comes into view. It is wielding two +0 giant clubs.
Throw: 37 darts (poison)
Press: ? - help, Q - select action, (/) - cycle Shift-Dir - straight line, f - two-headed ogre
Aim: a two-headed ogre, wielding two +0 giant clubs (73% to hit)
You throw a poisoned dart.
The poisoned dart hits the two-headed ogre.
The two-headed ogre is poisoned.
Throw: 36 darts (poison)
Press: ? - help, Q - select action, (/) - cycle Shift-Dir - straight line, f/p - two-headed ogre
Aim: a two-headed ogre, wielding two +0 giant clubs (poisoned, 73% to hit)
You throw a poisoned dart.
The poisoned dart hits the two-headed ogre.
The two-headed ogre looks even sicker.
Throw: 35 darts (poison)
Press: ? - help, Q - select action, (/) - cycle Shift-Dir - straight line, f/p - two-headed ogre
Aim: a two-headed ogre, wielding two +0 giant clubs (very poisoned, 73% to hit)
You throw a poisoned dart.
The poisoned dart hits the two-headed ogre.
The two-headed ogre looks even sicker.
You slash the two-headed ogre! You freeze the two-headed ogre.
The two-headed ogre is lightly wounded.
You block the two-headed ogre's attack.
The two-headed ogre hits you with a +0 giant club!!
You slash the two-headed ogre! You freeze the two-headed ogre!
The two-headed ogre is heavily wounded.
You barely miss the two-headed ogre.
The two-headed ogre is heavily wounded.
You barely miss the two-headed ogre.
The two-headed ogre is severely wounded.
The two-headed ogre hits you with a +0 giant club!
The two-headed ogre completely misses you.
You hit the two-headed ogre. You freeze the two-headed ogre.
The two-headed ogre is severely wounded.
You slash the two-headed ogre! You freeze the two-headed ogre.
The two-headed ogre is almost dead.
The two-headed ogre hits you with a +0 giant club!!
* * * LOW HITPOINT WARNING * * *
The two-headed ogre hits you with a +0 giant club!
You die...

### #######.#
#.......##
##........##
#..........##
#.....@.....##
##...O.......##
#..(.........##
##(...........#
#(...........##
..............#
...#########..##
.## ###..###
##......#######


You could see a two-headed ogre (very poisoned).

Vanquished Creatures
  Menkaure (D:4)
  An orc warrior (D:6)
  A sky beast (D:6)
  2 ice beasts (D:6)
  A centaur (D:5)
  5 kobold brigands
  4 scorpions
  A wight (D:6)
  3 centaur zombies (Ossuary)
  3 bombardier beetles
  4 hounds
  A jelly (D:4)
  Natasha (thrice) (D:4)
  3 iguanas
  3 orc wizards
  4 crocodile zombies (Ossuary)
  3 mummies (Ossuary)
  Robin (D:2)
  3 gnolls
  8 adders
  6 river rats
  A white imp (D:5)
  3 dart slugs (D:2)
  9 ribbon worms
  10 orcs
  7 bats
  9 endoplasms
  7 giant cockroaches
  2 gnoll zombies (Ossuary)
  17 goblins
  5 hobgoblins
  6 jackals
  3 quokkas
  7 ball pythons
  2 frilled lizards
  11 kobolds
  3 kobold zombies (Ossuary)
  11 rats
174 creatures vanquished.

Notes
Turn   | Place    | Note
-------+----------+-------------------------------------------
     0 | D:1      | sasquatch the Formicid Fighter began the quest for the Orb.
     0 | D:1      | Reached XP level 1. HP: 18/18 MP: 1/1
    87 | D:1      | Reached XP level 2. HP: 15/24 MP: 2/2
   150 | D:1      | Reached skill level 3 in Long Blades
   240 | D:1      | Reached XP level 3. HP: 29/29 MP: 3/3
  1127 | D:2      | Noticed Robin
  1166 | D:2      | Reached skill level 4 in Long Blades
  1166 | D:2      | Reached XP level 4. HP: 32/35 MP: 4/4
  1229 | D:2      | Killed Robin
  1589 | D:2      | Reached XP level 5. HP: 40/41 MP: 5/5
  1657 | D:2      | Found Cochiykhao's Weapon Shop.
  1725 | D:2      | Reached skill level 5 in Long Blades
  2749 | D:4      | Noticed Duvessa
  2749 | D:4      | Noticed Dowan
  2833 | D:4      | Reached XP level 6. HP: 46/47 MP: 6/6
  3082 | D:4      | Noticed Menkaure
  3122 | D:3      | Reached skill level 6 in Long Blades
  3272 | D:4      | Killed Menkaure
  3273 | D:4      | Reached skill level 7 in Long Blades
  3273 | D:4      | Reached XP level 7. HP: 52/52 MP: 7/7
  3591 | D:4      | Noticed Natasha
  3605 | D:4      | Killed Natasha
  3646 | D:4      | Noticed Natasha
  3653 | D:4      | Killed Natasha
  3705 | D:4      | Noticed Natasha
  3714 | D:4      | Killed Natasha
  3742 | D:5      | Entered Level 5 of the Dungeon
  3812 | D:5      | Identified the +5 whip "Owkaec" {pain, rF+ rCorr}
  3934 | D:5      | Found a sparkling altar of Nemelex Xobeh.
  3972 | D:5      | Reached skill level 8 in Long Blades
  4200 | D:5      | Reached XP level 8. HP: 31/58 MP: 8/8
  4432 | D:5      | Reached skill level 9 in Long Blades
  5721 | D:6      | Noticed a rust devil
  5721 | D:6      | Noticed a rust devil
  5744 | D:6      | Found a sand-covered staircase.
  5753 | Ossuary  | Entered an ossuary
  5988 | Ossuary  | Reached skill level 10 in Long Blades
  6229 | D:6      | You fall into a shaft and drop 3 floors!
  6399 | D:9      | Noticed a yak
  6457 | D:6      | Identified the +2 sling "Okeoruh" {freeze, Str+2}
  6474 | D:6      | Found a glowing drain.
  6480 | Sewer    | Entered a sewer
  7074 | Sewer    | Reached XP level 9. HP: 44/64 MP: 9/9
  7385 | Sewer    | Reached skill level 11 in Long Blades
  7693 | D:6      | Reached skill level 12 in Long Blades
  8387 | D:7      | Identified the +6 falchion of Valuable Assets {freeze,
                  | +Blink rElec rF-}
  8403 | D:7      | Noticed a two-headed ogre
  8413 | D:7      | Mangled by a two-headed ogre

Illustrated notes

Levels and vault maps discovered:
D:1:      nicolae_arrival_washed_ashore, layout_basic,
          nicolae_concentric_dashed_squares_mild, minmay_pentomino_t2
D:2:      layout_loops_cross, serial_shops, shop, st_stairs_2, uniq_robin
D:3:      layout_basic, serial_curves, eino_curves_01, eino_curves_04
D:4:      layout_rooms, uniq_duvessa, uniq_menkaure, uniq_natasha
D:5:      layout_loops_corners, mainiacjoe_overflow_chevrons,
          kennysheep_decorative_pillar, minmay_increasing_density
D:6:      cheibrodos_iron_armory, layout_loops_cross,
          mainiacjoe_ossuary_entry_dusty_tomb, gup_sewer_entry_bubbles
D:7:      layout_cave_pods, minmay_temple_entry_junction, worms_lemuel
D:8:      layout_rooms
D:9:      layout_layer_cave, minmay_orc_entry_guard_dogs

Skill      XL: |  1  2  3  4  5  6  7  8  9 |
---------------+----------------------------+-----
Long Blades    | 3 4 5 7 8 10 12 | 12.2
Fighting       | |  3.2
Armour         | |  3.2
Shields        | |  4.0

Action                     |  1- 3 |  4- 6 |  7- 9 || total
---------------------------+-------+-------+-------++-------
  Melee: Long sword        |   103 |   167 |   216 ||   486
         Dagger            |       |       |   268 ||   268
         Falchion          |       |       |     6 ||     6
  Throw: Javelin           |       |       |     4 ||     4
         Dart              |       |       |    12 ||    12
Ability: Dig               |       |       |     3 ||     3
         Shaft Self        |       |       |     1 ||     1
    Use: Potion            |       |     1 |     7 ||     8
         Scroll            |       |       |     9 ||     9
 Armour: Scale mail        |    76 |   140 |   271 ||   487
  Dodge: Dodged            |    73 |    65 |   182 ||   320
  Block: Buckler           |    37 |    36 |   109 ||   182
